 Dungeon Crawl Stone Soup version 0.31-a0-229-g1fc7ce93e2 (webtiles) character file.

Game seed: 14313794392613755889

67 qw the Shooter (level 4, -1/36 HPs)
             Began as a Minotaur Hexslinger on July 6, 2023.
             Succumbed to an adder's poison
             ... on level 2 of the Dungeon.
             The game lasted 00:00:19 (731 turns).

qw the Shooter (Minotaur Hexslinger)                 Turns: 731, Time: 00:00:20

Health: -1/36      AC:  3    Str: 12    XL:     4   Next: 0%
Magic:  4/4        EV: 12    Int: 10    God:
Gold:   50         SH:  0    Dex: 15    Spells: 4/5 levels left

rFire   . . .        j - +2 shortbow (heavy)
rCold   . . .        (shield currently unavailable)
rNeg    . . .        c - +0 robe
rPois   .            (helmet restricted)
rElec   .            (no cloak)
rCorr   .            (no gloves)
SInv    .            k - +0 pair of boots
Will    .....        (no amulet)
Stlth   +            (no ring)
HPRegen 0.26/turn    (no ring)
MPRegen 0.09/turn

%: no passive effects
@: lethally poisoned (-1 -> -7)
A: horns 2, retaliatory headbutt
a: no special abilities


You were on level 2 of the Dungeon.
You visited 1 branch of the dungeon, and saw 2 of its levels.

You collected 50 gold pieces.


Innate Abilities, Weirdness & Mutations

You have a pair of horns on your head.
You reflexively headbutt those who attack you in melee.


   Skills:
 - Level 2.0 Fighting
 + Level 4.5 Ranged Weapons
 - Level 2.1 Dodging
 - Level 1.0 Spellcasting
 - Level 2.0 Hexes


You had 4 spell levels left.
You knew the following spells:

 Your Spells              Type           Power      Damage    Failure   Level
a - Slow                  Hex            16%        N/A       16%         1

Your spell library contained the following spells:

 Spells                   Type           Power      Damage    Failure   Level
 Inner Flame              Hex/Fire       2%         N/A       56%         3
 Portal Projectile        Hex/Tloc       4%         N/A       56%         3
 Cause Fear               Hex            2%         N/A       83%         4

Inventory:

Hand Weapons
 j - a +2 heavy shortbow (weapon)
Armour
 c - a +0 robe (worn)
 k - a +0 pair of boots (worn)
Potions
 f - a potion of attraction {unknown}
 g - a potion of mutation {unknown}
 i - 3 potions of haste

Dungeon Overview and Level Annotations

Branches:
Dungeon (2/15)

Altars:
Dithmenos


Message History

Terence hits you with a +1 flail of holy wrath!
You shoot an arrow. The arrow barely misses Terence.
The rat bites you. Terence misses you. The rat bites you.
Terence hits you with a +1 flail of holy wrath.
You shoot an arrow. The arrow hits Terence.
Terence is severely wounded.
The rat bites you but does no damage.
Terence hits you with a +1 flail of holy wrath.
The rat bites you. Terence closely misses you.
726 ||| READING 2 scrolls of teleportation.
As you read the scroll of teleportation, it crumbles to dust.
You feel strangely unstable. The rat misses you.
Terence hits you with a +1 flail of holy wrath.
You shoot an arrow. The arrow hits Terence!
You kill Terence!
The rat barely misses you. You furiously retaliate!
You headbutt the rat, but do no damage. The rat bites you but does no damage.
Your Ranged Weapons skill increases to level 4!
You shoot an arrow. The arrow hits the rat!
You kill the rat!
Your surroundings suddenly seem different.
A bat and an adder come into view.
Found a scroll labelled QYQONU VELLAVO.
The adder hisses angrily.
The bat hits you but does no damage. x2
729 ||| READING scroll of teleportation.
As you read the scroll of teleportation, it crumbles to dust.
You feel strangely unstable.
You shoot an arrow. The arrow hits the bat!
You kill the bat!
The adder bites you.
You are lethally poisoned!
The adder poisons you!
You have reached level 4!
You feel agile.
You shoot an arrow. The arrow hits the adder!
You kill the adder!
Your surroundings suddenly seem different.
A kobold comes into view. It is wielding a +0 dagger.
You die...

....
...
...
.K#
#.#
#.#
#.#
#@#
#.#
#.#
#.#
..#
###


You could see a kobold (asleep).

Vanquished Creatures
  Terence (D:2)
  An adder (D:2)
  3 dart slugs (D:1)
  6 ball pythons (D:1)
  4 bats
  2 endoplasms (D:1)
  A goblin (D:1)
  4 hobgoblins
  2 jackals (D:1)
  A quokka (D:1)
  A frilled lizard (D:1)
  4 kobolds
  2 rats
32 creatures vanquished.

Notes
Turn   | Place    | Note
-------+----------+-------------------------------------------
     0 | D:1      | qw the Minotaur Hexslinger began the quest for the Orb.
     0 | D:1      | Reached XP level 1. HP: 16/16 MP: 1/1
     0 | D:1      | 0 ||| qw: Version: 0.3-a-46-gb1f654a
     0 | D:1      | 0 ||| qw: Game counter: 1641
     0 | D:1      | 0 ||| qw: Melee chars always use a shield: true
     0 | D:1      | 0 ||| qw: God list: Okawaru
     0 | D:1      | 0 ||| qw: Allow faded altars: false
     0 | D:1      | 0 ||| qw: Do Orc after clearing Dungeon:15 true
     0 | D:1      | 0 ||| qw: Do second Lair branch before Depths: true
     0 | D:1      | 0 ||| qw: Lair rune preference: random
     0 | D:1      | 0 ||| qw: Goals: Normal
     0 | D:1      | 0 ||| PLANNING D:1-11
    73 | D:1      | Reached skill level 3 in Ranged Weapons
    74 | D:1      | Reached XP level 2. HP: 23/23 MP: 2/2
   358 | D:1      | Reached XP level 3. HP: 28/29 MP: 3/3
   624 | D:1      | 624 ||| UPGRADING to +0 pair of boots.
   629 | D:1      | 629 ||| READING scroll labelled QOCWOE HIUP.
   630 | D:1      | 630 ||| READING scroll labelled LEF CODOCK.
   630 | D:1      | Identified a scroll of acquirement
   630 | D:1      | 630 ||| ACQUIRING +2 shortbow of electrocution
   630 | D:1      | Acquired a +2 shortbow of electrocution
   632 | D:1      | 632 ||| SWAPPING to +2 shortbow of electrocution.
   633 | D:1      | 633 ||| DROPPING +1 sling.
   634 | D:1      | 634 ||| READING scroll labelled LATEFEXTOI.
   635 | D:1      | 635 ||| READING 3 scrolls labelled OCEXOE RISK.
   640 | D:1      | 640 ||| DRINKING 4 inky potions.
   641 | D:1      | 641 ||| DROPPING scroll of poison.
   677 | D:2      | Found a shadowy altar of Dithmenos.
   720 | D:2      | Noticed Terence
   725 | D:2      | HP: 6/29 [Terence/+1 flail of holy wrath (5)]
   726 | D:2      | 726 ||| READING 2 scrolls of teleportation.
   727 | D:2      | Killed Terence
   728 | D:2      | Reached skill level 4 in Ranged Weapons
   729 | D:2      | 729 ||| READING scroll of teleportation.
   730 | D:2      | HP: 1/29 [adder (3)]
   731 | D:2      | Reached XP level 4. HP: 2/36 MP: 4/4
   731 | D:2      | Succumbed to an adder's poison

Levels and vault maps discovered:
D:1:      kennysheep_arrival_seaside, layout_rooms
D:2:      layout_loops_corners, basic_altar, uniq_terence, uniq_sigmund

Skill      XL: |  1  2  3 |
---------------+----------+-----
Ranged Weapons | 3 4 |  4.5
Fighting       | 2 |  2.0
Dodging        | |  2.1
Spellcasting   | |  1.0
Hexes          | |  2.0

Action                     |  1- 3 |  4- 6 || total
---------------------------+-------+-------++-------
   Fire: Sling             |    67 |       ||    67
         Shortbow          |    10 |     1 ||    11
    Use: Scroll            |     6 |       ||     6
         Potion            |     1 |       ||     1
 Armour: Robe              |     8 |       ||     8
  Dodge: Dodged            |    24 |       ||    24

Table legend:
 A = Non-vault XP
 B = Vault XP
 C = Vault XP percentage of total XP
 D = Non-vault monster count
 E = Vault monster count
 F = Vault count percentage of total count
                 A         B        C        D         E       F
            +---------+---------+-------+---------+---------+-------
      Total |      72 |      38 |  34.5 |      31 |       1 |   3.1
            +---------+---------+-------+---------+---------+-------
        D:1 |      52 |       0 |   0.0 |      25 |       0 |   0.0
        D:2 |      20 |      38 |  65.5 |       6 |       1 |  14.3
            +---------+---------+-------+---------+---------+-------
